 Dungeon Crawl Stone Soup version 0.31-a0-1321-g5021b54cb2 (webtiles) character file.

Game seed: 6720558080020461616

244 iguanaiguana the Firebug (level 6, -3/41 HPs)
             Began as a Human Fire Elementalist on Dec 20, 2023.
             Slain by an orc
             ... wielding a +0 heavy hand axe
              (12 damage)
             ... on level 3 of the Dungeon on Dec 21, 2023.
             The game lasted 00:20:57 (2043 turns).

iguanaiguana the Firebug (Human Fire Elementalist)  Turns: 2043, Time: 00:20:57

Health: -3/41      AC:  3    Str:  8    XL:     6   Next: 10%
Magic:  2/9        EV: 12    Int: 17    God:
Gold:   88         SH:  0    Dex: 14    Spells: 6/9 levels left

rFire   + . .        i - staff of alchemy
rCold   . . .        (no shield)
rNeg    . . .        a - +0 robe
rPois   +            (no helmet)
rElec   .            d - +0 cloak
rCorr   .            (no gloves)
SInv    .            (no boots)
Will    .....        (no amulet)
Stlth   +++          f - ring of fire
HPRegen 0.26/turn    s - ring of protection from cold
MPRegen 0.11/turn

%: no passive effects
@: no status effects
A: explore regen
a: no special abilities


You were on level 3 of the Dungeon.
You visited 1 branch of the dungeon, and saw 3 of its levels.

You collected 88 gold pieces.

Inventory:

Missiles
 u - 4 poisoned darts
Armour
 a - a +0 robe (worn)
 d - a +0 cloak (worn)
 q - a +0 helmet
Magical Staves
 i - a staff of alchemy (weapon)
Jewellery
 f - a ring of fire (left hand)
 j - a ring of positive energy
 s - a ring of protection from cold (right hand)
Wands
 r - a wand of flame (18)
Scrolls
 g - a scroll of butterflies {unknown}
 h - a scroll of fog {unknown}
 k - a scroll of fear {unknown}
 l - a scroll of immolation {unknown}
 t - a scroll of amnesia {unknown}
 v - a scroll of identify {unknown}
Potions
 b - 2 potions of magic
 c - a potion of might {unknown}
 m - a potion of heal wounds {unknown}
 n - 2 potions of invisibility {unknown}
 o - 3 potions of degeneration {unknown}
 p - a potion of attraction {unknown}


   Skills:
 - Level 2.0 Dodging
 - Level 4.0 Stealth
 - Level 2.0 Spellcasting
 + Level 2.9 Conjurations
 - Level 5.0 Fire Magic


You had 6 spell levels left.
You knew the following spells:

 Your Spells              Type           Power      Damage    Failure   Level
a - Foxfire               Conj/Fire      88%        2x1d8     3%          1
b - Scorch                Fire           56%        2d7       3%          2

Your spell library contained the following spells:

 Spells                   Type           Power      Damage    Failure   Level
 Magic Dart               Conj           44%        1d5       6%          1
 Inner Flame              Hex/Fire       15%        N/A       21%         3
 Volatile Blastmotes      Fire/Tloc      30%        2d12      21%         3
 Call Imp                 Summ           2%         N/A       28%         2
 Mephitic Cloud           Conj/Alch/Air  7%         N/A       36%         3
 Flame Wave               Conj/Fire      22%        2d8       36%         4


Dungeon Overview and Level Annotations

Branches:
Dungeon (3/15) Zot: 15955

Altars:

Shops:
D:2 :

Annotations:
D:2 1 runed translucent door, Crazy Yiuf


Innate Abilities, Weirdness & Mutations

You regain HP and MP as you explore.


Message History

The foxfire hits the phantom.
You destroy the phantom!
Your Conjurations skill increases to level 2!
You have reached level 6!
Unknown command.
Unknown command.
Unknown command.
Unknown command.
An orc comes into view. It is wielding a +0 dagger.
An orc wizard comes into view. It is wielding a +0 dagger.
The orc shouts!
The orc wizard shouts! 3 orcs come into view.
An orc is wielding a +0 heavy hand axe.
The orc wizard gestures at you while chanting.
The orc shouts!
An orc and a jackal come into view.
You hear a bark!
The jackal barks!
You hear a bark!
The orc shouts!
You hear a shout!
The orc hits you with a +0 heavy hand axe.
* * * LOW HITPOINT WARNING * * *
An orc comes into view. It is wielding a +0 club.
The orc moves out of view.
The air fills with toxic fumes!
As you read the scroll labelled ACUDOW IFAOTU, it crumbles to dust.
It was a scroll of poison.
Aiming: Throw Flame
Press: ? - help, Shift-Dir - straight line, f - endoplasm
Aim: an endoplasm (poison gas, 97% to hit)
The puff of flame hits the endoplasm.
The endoplasm is heavily wounded.
The orc hits you with a +0 heavy hand axe.
* * * LOW HITPOINT WARNING * * *
The endoplasm hits you.
* * * LOW HITPOINT WARNING * * *
Aiming: Throw Flame
Press: ? - help, Shift-Dir - straight line, f/p - endoplasm
Aim: an endoplasm (poison gas, heavily wounded, 97% to hit)
The puff of flame misses the endoplasm.
The endoplasm hits you.
* * * LOW HITPOINT WARNING * * *
The orc hits you with a +0 heavy hand axe!
You die...

#..# .#
##.# ##o#
#.# #.o.
#.# #§.#
#.######§.#
#....§§§o#
######.§##
#§J# ##@#
#o# §§#
§§§o §§§§§
§.§§o§§
§§§§§§§§
#§§§§§§§§§


You could see 4 orcs and an endoplasm.

Vanquished Creatures
  A phantom (D:3)
  Terence (D:2)
  Robin (D:2)
  4 gnolls (D:2)
  A worm (D:2)
  5 ball pythons
  5 endoplasms
  A giant cockroach (D:1)
  20 goblins
  11 hobgoblins
  5 jackals
  7 kobolds
  2 quokkas
  7 bats
  4 frilled lizards
  7 rats
82 creatures vanquished.

Vanquished Creatures (others)
  201 foxfires
201 creatures vanquished.

Grand Total: 283 creatures vanquished

Notes
Turn   | Place    | Note
-------+----------+-------------------------------------------
     0 | D:1      | iguanaiguana the Human Fire Elementalist began the quest
                  | for the Orb.
     0 | D:1      | Reached XP level 1. HP: 13/13 MP: 3/3
     4 | D:1      | You fall into a shaft and drop 1 floor!
   199 | D:1      | Reached XP level 2. HP: 19/19 MP: 1/5
   753 | D:1      | Reached XP level 3. HP: 24/24 MP: 4/6
   953 | D:1      | Learned a level 2 spell: Scorch
  1177 | D:2      | Noticed Robin
  1262 | D:2      | Reached XP level 4. HP: 30/30 MP: 3/7
  1398 | D:2      | Killed Robin
  1400 | D:2      | Reached skill level 4 in Fire Magic
  1663 | D:2      | Upgraded the game from 0.31-a0-1308-ga3cce3a448 to
                  | 0.31-a0-1321-g5021b54cb2
  1736 | D:2      | Noticed Terence
  1758 | D:2      | Killed Terence
  1759 | D:2      | Reached XP level 5. HP: 35/35 MP: 0/8
  1796 | D:2      | Found Furin's Book Shoppe.
  1831 | D:2      | Found a runed translucent door.
  1832 | D:2      | Noticed Crazy Yiuf
  1923 | D:3      | Reached skill level 5 in Fire Magic
  1974 | D:3      | Noticed a phantom
  2030 | D:3      | Killed a phantom
  2031 | D:3      | Reached XP level 6. HP: 11/41 MP: 0/9
  2043 | D:3      | Slain by an orc

Illustrated notes

Levels and vault maps discovered:
D:1:      dpeg_arrival_stone_temple_mockup, layout_loops_ring,
          shapermc_ecumenical_altar_mp_vishouse
D:2:      layout_basic, serial_shops, shop, uniq_terence, uniq_robin,
          uniq_crazy_yiuf_cottage
D:3:      layout_rooms, mainiacjoe_overflow_paths, grunt_decor_resistance,
          chequers_serial_rivers_room_a, solitary_fountain, solitary_fountain

Skill      XL: |  1  2  3  4  5 |
---------------+----------------+-----
Stealth        | 3 4 |  4.0
Fire Magic     | 4 5 |  5.0
Conjurations   | 2 |  2.9
Dodging        | |  2.0
Spellcasting   | |  2.0

Action                     |  1- 3 |  4- 6 || total
---------------------------+-------+-------++-------
  Melee: Unarmed           |     5 |       ||     5
         Staff             |       |     7 ||     7
   Cast: Foxfire           |    67 |    55 ||   122
         Scorch            |     1 |    11 ||    12
  Evoke: Wand              |       |     2 ||     2
    Use: Scroll            |       |     1 ||     1
 Armour: Robe              |    17 |    30 ||    47
  Dodge: Dodged            |    24 |    37 ||    61

Table legend: (Time is in decaauts)
 A = Elapsed time spent in this place.
 B = Non-inter-level travel time spent in this place.
 C = Inter-level travel time spent in this place.
 D = Time resting spent in this place.
 E = Time spent auto-exploring this place.
 F = Levels seen in this place.
 G = Mean time per level.
                   A        B        C        D        E       F      G
               +--------+--------+--------+--------+--------+-----+--------+
         Total |   2043 |   1858 |    185 |    105 |    630 |   3 |  681.0 |
       Dungeon |   2043 |   1858 |    185 |    105 |    630 |   3 |  681.0 |
               +--------+--------+--------+--------+--------+-----+--------+

Top non-repeatable levels by time:
     D:1: 1216 daAuts
     D:2: 732 daAuts
     D:3: 94 daAuts
